 Dungeon Crawl Stone Soup version 0.21.1 (webtiles) character file.

6 tidbits the Insei (level 1, -2/17 HPs)
             Began as a Gnoll Transmuter on Feb 4, 2018.
             Slain by a worker ant (5 damage)
             ... on level 4 of the Dungeon.
             The game lasted 00:02:58 (382 turns).

tidbits the Insei (Gnoll Transmuter)                 Turns: 382, Time: 00:02:58

Health: -2/17      AC:  3    Str: 12    XL:     1   Next: 90%
Magic:  6/6        EV: 20    Int: 15    God:
Gold:   20         SH:  0    Dex: 20    Spells: 8/9 levels left

rFire    . . .     SeeInvis .     - Unarmed
rCold    . . .     Gourm    .   (no shield)
rNeg     . . .     Faith    .   b - +0 robe
rPois    .         Spirit   .   E - +0 helmet
rElec    .         Reflect  .   (no cloak)
rCorr    .         Harm     .   (no gloves)
MR       .....                  (boots currently unavailable)
Stlth    +++.......             (no amulet)
HPRegen  0.05/turn              (no ring)
MPRegen  0.10/turn              (no ring)

@: agile, lethally poisoned (-2 -> -19), appendage (expiring)
A: distributed training, fangs 1, talons 3, strong nose
a: End Transformation


You were on level 4 of the Dungeon.
You were not hungry.
You had grown temporary talons.
You visited 1 branch of the dungeon, and saw 4 of its levels.

You collected 20 gold pieces.

Inventory:

Hand Weapons
 f - a +0 short sword
 h - a +0 falchion
 o - a +0 war axe
Missiles
 a - 12 arrows
 g - a stone (quivered)
 m - 7 curare-tipped needles
Armour
 b - a +0 robe (worn)
 E - a +0 helmet (worn)
Scrolls
 j - a scroll of identify {unknown}
 k - a scroll of enchant weapon {unknown}
 l - 2 scrolls of teleportation {unknown}
 n - a scroll of fog {unknown}
Potions
 e - a potion of heal wounds
Books
 c - a book of Changes

   Spells                             Type                      Level
   a - Beastly Appendage              Transmutation                1
   b - Sticks to Snakes               Transmutation                2
   c - Spider Form                    Transmutation/Poison         3
   d - Ice Form                       Ice/Transmutation            4
   e - Blade Hands                    Transmutation                5
Comestibles
 d - 3 rations


   Skills:
 + Level 2.4 Fighting
 + Level 0.1 Short Blades
 + Level 0.1 Long Blades
 + Level 0.1 Axes
 + Level 0.1 Maces & Flails
 + Level 0.1 Polearms
 + Level 0.1 Staves
 + Level 0.1 Slings
 + Level 0.1 Bows
 + Level 0.1 Crossbows
 + Level 0.1 Throwing
 + Level 0.1 Armour
 + Level 4.4 Dodging
 + Level 0.1 Stealth
 + Level 0.1 Shields
 + Level 6.4 Unarmed Combat
 + Level 4.9 Spellcasting
 + Level 0.1 Conjurations
 + Level 0.1 Hexes
 + Level 0.1 Charms
 + Level 0.1 Summonings
 + Level 0.1 Necromancy
 + Level 0.1 Translocations
 + Level 3.6 Transmutations
 + Level 0.1 Fire Magic
 + Level 0.1 Ice Magic
 + Level 0.1 Air Magic
 + Level 0.1 Earth Magic
 + Level 0.1 Poison Magic
 + Level 0.2 Invocations
 + Level 0.1 Evocations


You had 8 spell levels left.
You knew the following spells:

 Your Spells              Type           Power        Failure   Level  Hunger
e - Beastly Appendage     Tmut           ##....       3%          1    None


Dungeon Overview and Level Annotations

Branches:
Dungeon (4/15)
 Temple: D:4-7

Altars:

Shops:
D:4 %


Innate Abilities, Weirdness & Mutations

Your experience applies equally to all skills.
You have very sharp teeth.
Your uncanny sense of smell can sniff out nearby items.
You have claws for feet.


Message History

You see here a scroll labeled ZAN CIOCUOFU.
j - a scroll labeled ZAN CIOCUOFU Your horns disappear.
Found a scroll labeled USEIKYT WEDY.
You see here a scroll labeled USEIKYT WEDY.
k - a scroll labeled USEIKYT WEDY
Found a scroll labeled OCILEU GUPOBU.
You see here a scroll labeled OCILEU GUPOBU.
l - a scroll labeled OCILEU GUPOBU
Found a helmet.
Found a scroll labeled OCILEU GUPOBU and 25 sling bullets.
You see here a helmet.
m - a helmet Wear which item? (? for menu, Esc to quit)
You start putting on your armour.
You continue putting on your helmet. x4
You finish putting on your +0 helmet.
Adjust (i)tems, (s)pells, or (a)bilities?
Adjust which item? (? for menu, Esc to quit)
m - a +0 helmet (worn)
Adjust to which letter? (? for menu, Esc to quit)
E - a +0 helmet (worn)
Found a ration.
You see here a scroll labeled OCILEU GUPOBU.
l - 2 scrolls labeled OCILEU GUPOBU (gained 1)
You see here a ration.
d - 2 rations (gained 1)
You open the door.
There is an open door here.
As you open the door, it creaks loudly!
There is an open door here.
As you open the door, it creaks loudly!
There is an open door here.
Found a ration.
Found 7 curare-tipped needles.
You see here 7 curare-tipped needles.
m - 7 curare-tipped needles You open the door.
Found a scroll labeled ULLAECESIL.
Found 5 gold pieces and a war axe.
You see here a scroll labeled ULLAECESIL.
n - a scroll labeled ULLAECESIL You see here a war axe.
o - a war axe
Found a ration.
You see here 5 gold pieces.
You now have 20 gold pieces (gained 5).
You see here a ration.
d - 3 rations (gained 1)
Found a stone staircase leading down.
There is a stone staircase leading down here.
You climb downwards.
A worker ant comes into view.
Found Qiureghi's Food Shoppe.
There is a stone staircase leading up here.
Casting: Beastly Appendage
Confirm with . or Enter, or press ? or * to list all spells.
Your feet morph into talons.
It was a potion of heal wounds.
You feel much better. The worker ant barely misses you.
You barely miss the worker ant. The worker ant closely misses you.
You hit the worker ant but do no damage.
The worker ant bites you but does no damage.
You hit the worker ant.
The worker ant is moderately wounded.
The worker ant bites you.
You are poisoned.
The worker ant poisons you!
You closely miss the worker ant.
You claw the worker ant, but do no damage.
The worker ant is moderately wounded.
You feel sick. The worker ant bites you.
You punch the worker ant! Your kick misses the worker ant.
The worker ant is almost dead.
You feel sick. The worker ant misses you.
You hit the worker ant but do no damage.
You claw the worker ant, but do no damage.
You bite the worker ant, but do no damage.
The worker ant is almost dead.
You feel sick. The worker ant misses you.
You hit the worker ant but do no damage.
You claw the worker ant, but do no damage.
The worker ant is almost dead.
The worker ant bites you.
* * * LOW HITPOINT WARNING * * *
You barely miss the worker ant.
The worker ant is almost dead.
* * * LOW HITPOINT WARNING * * *
You feel sick. The worker ant bites you.
* * * LOW HITPOINT WARNING * * *
You are more poisoned.
The worker ant poisons you!
You closely miss the worker ant. You bite the worker ant.
The worker ant is almost dead.
* * * LOW HITPOINT WARNING * * *
You feel sick. The worker ant misses you.
It was a potion of agility.
You feel agile all of a sudden.
Your transformation is almost over.
* * * LOW HITPOINT WARNING * * *
You feel sick. The worker ant misses you. The worker ant bites you.
You die...

#..............
...............
#..............
#⌠.⌠..........
##.∩...........
#.⌠.⌠..........
#....a......
#...@.......
##..........
##.........
##......##
###...## ####


You could see a worker ant.

Vanquished Creatures
  A bat (D:3)
  A giant cockroach (D:1)
  A quokka (D:2)
  A ball python (D:2)
  2 kobolds (D:1)
6 creatures vanquished.

Notes
Turn   | Place    | Note
-------+----------+-------------------------------------------
     0 | D:1      | tidbits the Gnoll Transmuter began the quest for the Orb.
     0 | D:1      | Reached XP level 1. HP: 17/17 MP: 6/6
   367 | D:4      | Found Qiureghi's Food Shoppe.
   367 | D:4      | Noticed a worker ant
   382 | D:4      | Slain by a worker ant

Action                   || total
-------------------------++-------
Melee: Unarmed           ||    20
       Kick              ||     4
       Bite              ||     2
       Headbutt          ||     1
       Punch             ||     1
 Cast: Beastly Appendage ||     6
  Use: Potion            ||     2
Armor: Robe              ||     2
Dodge: Dodged            ||    14

Table legend:
 A = Turns spent in this place as a percentage of turns spent in the entire game.
 B = Non-inter-level travel turns spent in this place as a percentage of non-inter-level travel turns spent in the entire game.
 C = Inter-level travel turns spent in this place as a percentage of turns spent in this place.
 D = Turns resting spent in this place as a percentage of non-inter-level travel turns spent in this place.
 E = Turns spent auto-exploring this place as a percentage of non-inter-level travel turns spent in this place.
 F = Non-inter-level travel turns spent in this place divided by the number of levels of this place that you've seen.
                   A       B       C       D       E      F
               +-------+-------+-------+-------+-------+----------------------
         Total | 100.0 | 100.0 |   0.0 |   0.0 |   0.0 |  95.5
       Dungeon | 100.0 | 100.0 |   0.0 |   0.0 |   0.0 |  95.5
               +-------+-------+-------+-------+-------+----------------------

Table legend:
 A = Kills in this place as a percentage of kills in entire the game.
 B = Kills by you in this place as a percentage of kills by you in the entire game.
 C = Kills by friends in this place as a percentage of kills by friends in the entire game.
 D = Other kills in this place as a percentage of other kills in the entire game.
 E = Experience gained in this place as a percentage of experience gained in the entire game.
 F = Experience gained in this place divided by the number of levels of this place that you have seen.
                   A       B       C       D       E      F
               +-------+-------+-------+-------+-------+----------------------
         Total | 100.0 | 100.0 |   N/A |   N/A | 100.0 |   2.2
       Dungeon | 100.0 | 100.0 |   N/A |   N/A | 100.0 |   2.2
               +-------+-------+-------+-------+-------+----------------------

Vault maps used:
D:1:      minmay_arrival_shattered_statue
D:2:      first_ration, corner_web_ring
D:4:      kennysheep_mini, serial_shops, shop_fountains, uniq_pikel, uniq_purgy,
          uniq_natasha, uniq_duvessa
